 Dungeon Crawl Stone Soup version 0.20-a0-1020-g7b9e4fe (webtiles) character file.

614 Duffy the Chopper (level 7, 55/55 HPs)
             Began as a Demonspawn Fighter on Apr 18, 2017.
             Quit the game in the Ecumenical Temple.
             The game lasted 00:03:17 (3158 turns).

Duffy the Chopper (Demonspawn Fighter)              Turns: 3158, Time: 00:03:18

Health: 55/55      AC: 10    Str: 18    XL:     7   Next: 20%
Magic:  7/7        EV:  7    Int:  9    God:
Gold:   121        SH:  9    Dex: 13    Spells: 6/6 levels left

rFire    . . .     SeeInvis .   a - +0 war axe
rCold    . . .     Gourm    .   c - +0 shield
rNeg     . . .     Faith    .   b - +0 scale mail
rPois    .         Spirit   .   (helmet restricted)
rElec    .         Reflect  .   (no cloak)
rCorr    .         Harm     .   (no gloves)
MR       .....                  k - +0 pair of boots
Stlth    ..........             (no amulet)
Regen    0.2/turn               (no ring)
MPRegen  0.1/turn               (no ring)

@: no status effects
A: antennae 1, iridescent scales 1, spiny 1, rot immunity
a: no special abilities


You were in the Ecumenical Temple.
You were not hungry.

You visited 2 branches of the dungeon, and saw 6 of its levels.

You collected 121 gold pieces.

Inventory:

Hand Weapons
 a - a +0 war axe (weapon)
Armour
 b - a +0 scale mail (worn)
 c - a +0 shield (worn)
 k - a +0 pair of boots (worn)
Wands
 n - a wand of clouds (0/9)
 s - a wand of paralysis (6/24)
Scrolls
 e - 7 scrolls of identify {unknown}
 g - a scroll of remove curse {unknown}
 i - 4 scrolls of teleportation {unknown}
 j - 2 scrolls of fog {unknown}
 m - a scroll of recharging {unknown}
 o - a scroll of random uselessness {unknown}
 r - 2 scrolls of blinking {unknown}
 u - a scroll of noise {unknown}
 v - a scroll of magic mapping {unknown}
Potions
 d - a potion of might
 h - a potion of curing {unknown}
 q - a potion of brilliance {unknown}
 t - a potion of magic {unknown}
 w - 2 potions of agility {unknown}
Comestibles
 f - 2 bread rations
 l - a meat ration
 p - a royal jelly


   Skills:
 + Level 4.6 Fighting
 * Level 4.7 Axes
 + Level 4.1 Armour
 + Level 4.1 Shields


You had 6 spell levels left.
You didn't know any spells.

Dungeon Overview and Level Annotations

Branches:
Dungeon (5/15)             Temple (1/1) D:4

Altars:
Cheibriados
Elyvilon
Fedhas
Gozag
Hepliaklqana
Nemelex Xobeh
Okawaru
Uskayaw
Vehumet
Xom
Yredelemnul
Zin
The Shining One

Annotations:
D:3 1 runed door


Innate Abilities, Weirdness & Mutations

You have a pair of small antennae on your head.
You are partially covered in iridescent scales. (AC +2)
You are partially covered in sharp spines.
You are immune to rotting.


Message History

Partly explored, can't reach some places.
Partly explored, can't reach some places.
Partly explored, can't reach some places.
Partly explored, can't reach some places.
Partly explored, can't reach some places.
Partly explored, can't reach some places.
Partly explored, can't reach some places.
Partly explored, can't reach some places.
Partly explored, can't reach some places.
Partly explored, can't reach some places.
Partly explored, can't reach some places.
Partly explored, can't reach some places.
You eat one of the 3 bread rations.
That bread ration really hit the spot!
There is a hide-covered altar of Uskayaw here.
You swing at nothing.
Okay, then.
Unknown command.
Unknown command.
Unknown command.
Are you sure you want to abandon this character and quit the game? (Confirm with "yes".)

~~~~~~~.....~~~~~~~~~~~~~~
~~~~~~~.._..~~~~~~~~~~~~~~
~~~~~~~.....~~~~~~~~~~~~~~
~~~~~~~.._...~~~~~~~~~~~~.
~~~~~~~...................
~~~~~~~._._...............
~~~~~~~...................
~~~~~~~.._...~~~~~~~~~~~~.
~~~~~~~..@..~~~~~~~~~~~~~~
~~~~~~~.._..~~~~~~~~~~~~~~
~~~~~~~.....~~~~~~~~~~~~~~
~~~~~~~._._.~~~~~~~~~~~~~~
~~~~~~~.....~~~~~~~~~~~~~~
~~~~~~~.._..~~~~~~~~~~~~~~
~~~~~~~~...~~~~~~~~~~~~~~~
~~~~~~~~~~~~~~~~~~~~~~~~~~
~~~~~~~~~~~~~~~~~~~~~~~~~~


There were no monsters in sight!

Vanquished Creatures
  The ghost of herpmino the Chopper, an amateur FoFi (D:4)
  Grinder (D:3)
  A scorpion (D:4)
  A hound (D:3)
  5 adders
  An ooze (D:1)
  3 worms
  9 dart slugs
  5 leopard geckos
  An orc (D:4)
  2 ball pythons (D:1)
  3 giant cockroaches
  5 goblins
  6 hobgoblins
  3 jackals (D:1)
  A quokka (D:2)
  8 bats
  4 frilled lizards
  7 kobolds
  A quokka skeleton (D:4)
  7 rats
75 creatures vanquished.

Vanquished Creatures (others)
  A hobgoblin (D:2)
1 creature vanquished.

Grand Total: 76 creatures vanquished

Notes
Turn   | Place    | Note
-------+----------+-------------------------------------------
     0 | D:1      | Duffy the Demonspawn Fighter began the quest for the Orb.
     0 | D:1      | Reached XP level 1. HP: 18/18 MP: 1/1
   276 | D:1      | Gained mutation: You are partially covered in iridescent scales. (AC +2) [demonic ancestry]
   276 | D:1      | Reached XP level 2. HP: 22/24 MP: 2/2
   582 | D:1      | Gained mutation: You are partially covered in sharp spines. [demonic ancestry]
   582 | D:1      | Reached XP level 3. HP: 29/29 MP: 3/3
   963 | D:2      | Found a sparkling altar of Nemelex Xobeh.
  1023 | D:2      | Reached XP level 4. HP: 36/36 MP: 4/4
  1131 | D:2      | Found a glowing silver altar of Zin.
  1909 | D:3      | Noticed Grinder
  1910 | D:3      | Paralysed by Grinder for 7 turns
  2041 | D:3      | Reached XP level 5. HP: 39/42 MP: 5/5
  2114 | D:3      | Killed Grinder
  2114 | D:3      | Gained mutation: You have a pair of small antennae on your head. [demonic ancestry]
  2114 | D:3      | Reached XP level 6. HP: 48/48 MP: 6/6
  2176 | D:3      | Found a white marble altar of Elyvilon.
  2176 | D:3      | Found a runed door.
  2176 | D:3      | Noticed an angel
  2531 | D:4      | Noticed herpmino's ghost (amateur FoFi)
  2558 | D:5      | Entered Level 5 of the Dungeon
  2847 | D:4      | Killed herpmino's ghost
  2847 | D:4      | Gained mutation: You are immune to rotting. [demonic ancestry]
  2847 | D:4      | Reached XP level 7. HP: 37/55 MP: 7/7
  2970 | D:4      | Found a staircase to the Ecumenical Temple.
  2979 | Temple   | Entered the Ecumenical Temple
  3158 | Temple   | Quit the game

Vault maps used:
D:1:      minmay_arrival_checkered_box, minmay_pentomino_o2
D:2:      lemuel_round_altar, first_bread, serial_corexii_hall,
          corexii_hall_statues_s, corexii_hall_statues_t, nemelex_altar_shiori
D:3:      lemuel_angel_altar, uniq_grinder
D:4:      kennysheep_slugbush, minmay_temple_entry_nine_rooms
D:5:      serial_shops, nicolae_shop_behind_doors
Temple:   minmay_temple_bridge_abc

Skill      XL: |  1  2  3  4  5  6 |
---------------+-------------------+-----
Axes           | 2 3 4 |  4.7
Armour         | 3 4 |  4.1
Shields        | 3 4 |  4.1
Fighting       | 4 |  4.6

Action                   |  1- 3 |  4- 6 |  7- 9 || total
-------------------------+-------+-------+-------++-------
Melee: War axe           |    83 |   122 |     3 ||   208
Evoke: Wand              |       |     2 |       ||     2
 Stab: Paralysed         |       |     6 |       ||     6
  Eat: Chunk             |     1 |     5 |       ||     6
       Bread ration      |       |       |     1 ||     1
Armor: Scale mail        |    48 |    50 |     1 ||    99
Dodge: Dodged            |    29 |    34 |       ||    63
Block: Shield            |    34 |    63 |       ||    97
